 Dungeon Crawl Stone Soup version 0.22.1-1-ga44c0e56f4 (webtiles) character file.

1540419 magipi the Fencer (level 27, 266/268 HPs)
             Began as a Naga Berserker on Sept 18, 2018.
             Was an Elder of Trog.
             Escaped with the Orb
             ... and 3 runes on Sept 26, 2018!
             The game lasted 05:44:46 (88395 turns).

magipi the Fencer (Naga Berserker)                 Turns: 88395, Time: 05:44:47

Health: 266/268    AC: 39    Str: 27    XL:     27
Magic:  43/44      EV: 18    Int:  8    God:    Trog [****..]
Gold:   5370       SH:  0    Dex: 20    Spells: 26/26 levels left

rFire    + + +     SeeInvis +   a - +7 great sword (elec)
rCold    + + .     Gourm    .   (shield currently unavailable)
rNeg     + . .     Faith    +   u - +6 chain mail "Nawam" {rElec rC+ Str+4}
rPois    +         Spirit   +   N - -2 hat of the Alchemist {rElec rPois rF+ rC+ rN+ MR+ rMut rCorr}
rElec    +         Reflect  .   K - scarf {Spirit}
rCorr    +         Harm     .   L - +2 pair of gloves
rMut     +                      k - +1 naga barding of Pride {+Blink rF+ Stlth+}
MR       ++++.                  X - amulet of faith
Stlth    ..........             e - ring of Pudir {MP+9 AC+3}
HPRegen  0.54/turn              s - +3 ring of slaying
MPRegen  0.29/turn

@: very slow
A: large, horns 1, see invisible, deformed body, fire resistance 1, poison
resistance, slowness 2, slow metabolism 1, spit poison 1, constrict 1, AC +9
0: Orb of Zot
}: 3/15 runes: barnacled, silver, gossamer
a: Spit Poison, Berserk, Trog's Hand, Brothers in Arms, Renounce Religion, Evoke
Blink


You escaped.
You worshipped Trog.
Trog was greatly pleased with you.
You were not hungry.

You visited 9 branches of the dungeon, and saw 49 of its levels.
You visited the Abyss 1 time.
You also visited: Trove, Ice Cave and Volcano.

You collected 7825 gold pieces.
You spent 2455 gold pieces at shops.

Inventory:

Hand Weapons
 a - a +7 great sword of electrocution (weapon)
   (Trog gifted it to you on level 2 of the Spider Nest)
 b - a +3 antimagic great sword
   (Trog gifted it to you on level 2 of the Depths)
Missiles
 o - 8 silver javelins
 C - 13 throwing nets
 G - 7 steel javelins (quivered)
Armour
 k - the +1 naga barding of Pride (worn) {+Blink rF+ Stlth+}
   (You acquired it on level 1 of the Depths)

   It protects you from fire.
   It lets you blink.
   It makes you more stealthy.
 u - the +6 chain mail "Nawam" (worn) {rElec rC+ Str+4}
   (You bought it in a shop on level 12 of the Dungeon)

   It affects your strength (+4).
   It protects you from cold.
   It insulates you from electricity.
 K - a scarf of spirit shield (worn)
   (You found it on level 5 of the Vaults)
 L - a +2 pair of gloves (worn)
   (You found it on level 12 of the Dungeon)
 N - the -2 hat of the Alchemist (worn) {rElec rPois rF+ rC+ rN+ MR+ rMut rCorr}
   (You found it on level 5 of the Vaults)

   It protects you from fire.
   It protects you from cold.
   It insulates you from electricity.
   It protects you from poison.
   It protects you from negative energy.
   It affects your resistance to hostile enchantments.
   It provides partial protection from all sources of acid and corrosion.
   It protects you from mutation.
Jewellery
 e - the ring of Pudir (left hand) {MP+9 AC+3}
   (You took it off a deep elf mage on level 3 of the Elven Halls)

   [ring of protection]

   It affects your AC (+3).
   It affects your magic capacity (+9).
 f - an uncursed ring of protection from fire
   (You took it off a deep elf annihilator on level 5 of the Vaults)
 s - a +3 ring of slaying (right hand)
   (You found it on level 5 of the Lair of Beasts)
 X - an amulet of faith (around neck)
   (You found it on level 6 of the Lair of Beasts)
Wands
 d - a wand of digging (7)
   (You found it on level 1 of the Elven Halls)
 v - a wand of paralysis (7)
   (You found it on level 12 of the Dungeon)
 w - a wand of clouds (4)
   (You bought it in a shop on level 3 of the Depths)
 H - a wand of scattershot (13)
   (You found it in an ice cave)
 J - a wand of enslavement (18)
   (You found it on level 2 of the Lair of Beasts)
 M - a wand of polymorph (36)
   (You found it on level 1 of the Lair of Beasts)
 P - a wand of iceblast (34)
   (You found it on level 1 of the Depths)
 S - a wand of acid (9)
   (You took it off a spriggan on level 2 of the Depths)
Scrolls
 g - 10 scrolls of teleportation
 i - 23 scrolls of remove curse
 j - 4 scrolls of identify
 p - 8 scrolls of fog
 q - a scroll of blinking
 B - 4 scrolls of magic mapping
 T - 3 scrolls of silence
 Y - 6 scrolls of fear
Potions
 h - a potion of brilliance
 l - 4 potions of mutation
 n - 3 potions of agility
 r - 3 potions of might
 t - 4 potions of magic
 y - 4 potions of cancellation
 A - a potion of invisibility
 D - 2 potions of flight
 F - 6 potions of curing
 Q - 2 potions of resistance
 Z - 8 potions of ambrosia
Miscellaneous
 I - a sack of spiders
 O - a box of beasts
 U - a fan of gales
   (You found it in an ice cave)
 V - a lamp of fire
   (You found it on level 3 of the Elven Halls)
Comestibles
 x - 58 rations


   Skills:
 - Level 20.0 Fighting
 - Level 20.0 Long Blades
 - Level 16.0 Throwing
 + Level 19.9 Armour
 + Level 19.9 Dodging
 - Level 1.2 Stealth
 + Level 17.8 Evocations


You had 26 spell levels left.
You didn't know any spells.
Your spell library contained the following spells:

 Spells                   Type           Power        Failure   Level  Hunger
 Animate Skeleton         Necr           N/A          77%         1    ##.....
 Beastly Appendage        Tmut           #.....       77%         1    ##.....
 Corona                   Hex            #......      77%         1    ##.....
 Flame Tongue             Conj/Fire      #....        77%         1    ##.....
 Freeze                   Ice            #...         77%         1    ##.....
 Infusion                 Chrm           #...         77%         1    ##.....
 Magic Dart               Conj           #...         77%         1    ##.....
 Pain                     Necr           #...         77%         1    ##.....
 Sting                    Conj/Pois      #...         77%         1    ##.....
 Summon Small Mammal      Summ           #...         77%         1    ##.....
 Blink                    Tloc           N/A          88%         2    ###....
 Call Imp                 Summ           #.......     88%         2    ###....
 Corpse Rot               Necr           N/A          88%         2    ###....
 Ensorcelled Hibernation  Hex/Ice        #.....       88%         2    ###....
 Poisonous Vapours        Pois/Air       #.....       88%         2    ###....
 Searing Ray              Conj           #.....       88%         2    ###....
 Shroud of Golubria       Chrm/Tloc      #.........   88%         2    ###....
 Slow                     Hex            #.......     88%         2    ###....
 Song of Slaying          Chrm           #.......     88%         2    ###....
 Sticks to Snakes         Tmut           #.......     88%         2    ###....
 Sublimation of Blood     Necr           #.........   88%         2    ###....
 Throw Flame              Conj/Fire      #.....       88%         2    ###....
 Throw Frost              Conj/Ice       #.....       88%         2    ###....
 Call Canine Familiar     Summ           #.......     98%         3    ####...
 Confuse                  Hex            #.......     98%         3    ####...
 Conjure Flame            Conj/Fire      #.......     98%         3    ####...
 Dazzling Spray           Conj/Hex       #.....       98%         3    ####...
 Gell's Gravitas          Tloc           #.........   98%         3    ####...
 Ignite Poison            Fire/Tmut/Pois #.......     98%         3    ####...
 Inner Flame              Hex/Fire       #.......     98%         3    ####...
 Mephitic Cloud           Conj/Pois/Air  #.......     98%         3    ####...
 Ozocubu's Armour         Chrm/Ice       #.......     98%         3    ####...
 Portal Projectile        Hex/Tloc       #.....       98%         3    ####...
 Regeneration             Chrm/Necr      #.........   98%         3    ####...
 Spectral Weapon          Hex/Chrm       #.......     98%         3    ####...
 Spider Form              Tmut/Pois      #.........   98%         3    ####...
 Stone Arrow              Conj/Erth      #.....       98%         3    ####...
 Summon Guardian Golem    Hex/Summ       #.......     98%         3    ####...
 Tukima's Dance           Hex            #.......     98%         3    ####...
 Vampiric Draining        Necr           #.........   98%         3    ####...
 Animate Dead             Necr           N/A          100%        4    #####..
 Force Lance              Conj/Tloc      #.......     100%        4    #####..
 Fulminant Prism          Conj/Hex       #.........   100%        4    #####..
 Ice Form                 Ice/Tmut       #.......     100%        4    #####..
 Iskenderun's Mystic Bla  Conj           #.......     100%        4    #####..
 Olgreb's Toxic Radiance  Pois           #.......     100%        4    #####..
 Petrify                  Tmut/Erth      #.......     100%        4    #####..
 Sticky Flame             Conj/Fire      #.......     100%        4    #####..
 Summon Ice Beast         Ice/Summ       #.......     100%        4    #####..
 Summon Lightning Spire   Summ/Air       #.......     100%        4    #####..
 Throw Icicle             Conj/Ice       #.......     100%        4    #####..
 Agony                    Necr           #.......     100%        5    ######.
 Alistair's Intoxication  Tmut/Pois      #.......     100%        5    ######.
 Blade Hands              Tmut           #.........   100%        5    ######.
 Bolt of Draining         Conj/Necr      #.........   100%        5    ######.
 Bolt of Magma            Conj/Fire/Erth #.........   100%        5    ######.
 Borgnjor's Vile Clutch   Necr/Erth      #.........   100%        5    ######.
 Dispel Undead            Necr           #.......     100%        5    ######.
 Excruciating Wounds      Chrm/Necr      #.........   100%        5    ######.
 Fireball                 Conj/Fire      #.........   100%        5    ######.
 Irradiate                Conj/Tmut      #.........   100%        5    ######.
 Iskenderun's Battlesphe  Conj/Chrm      #.......     100%        5    ######.
 Metabolic Englaciation   Hex/Ice        #.........   100%        5    ######.
 Silence                  Hex/Air        #.........   100%        5    ######.
 Venom Bolt               Conj/Pois      #.........   100%        5    ######.
 Bolt of Cold             Conj/Ice       #.........   100%        6    #######
 Darkness                 Hex            #.........   100%        6    #######
 Death Channel            Necr           #.........   100%        6    #######
 Dispersal                Tloc           #.........   100%        6    #######
 Freezing Cloud           Conj/Ice/Air   #.........   100%        6    #######
 Iron Shot                Conj/Erth      #.........   100%        6    #######
 Ozocubu's Refrigeration  Ice            #.........   100%        6    #######
 Shadow Creatures         Summ           N/A          100%        6    #######
 Simulacrum               Ice/Necr       #.........   100%        6    #######
 Haunt                    Necr/Summ      #.........   100%        7    #######
 Orb of Destruction       Conj           #.........   100%        7    #######
 Ring of Flames           Chrm/Fire      #.........   100%        7    #######
 Spellforged Servitor     Conj/Summ      #.........   100%        7    #######
 Borgnjor's Revivificati  Necr           #.........   100%        8    #######
 Controlled Blink         Tloc           N/A          100%        8    #######
 Death's Door             Chrm/Necr      #.........   100%        8    #######
 Disjunction              Tloc           #.........   100%        8    #######
 Infestation              Necr           #.........   100%        8    #######
 Necromutation            Tmut/Necr      #.........   100%        8    #######


Dungeon Overview and Level Annotations

Branches:
Dungeon (15/15)            Temple (0/1) D:6            Lair (6/6) D:10
 Shoals (4/4) Lair:4       Spider (4/4) Lair:3        Slime (0/5) Lair:6
    Orc (2/2) D:12            Elf (3/3) Orc:2        Vaults (5/5) D:13
  Crypt (0/3) Vaults:2     Depths (5/5) D:15            Zot (5/5) Depths:5

Altars:
Cheibriados
Dithmenos
Hepliaklqana
Makhleb
Nemelex Xobeh
Ru
Trog
Wu Jian
Xom
Yredelemnul
Zin
Jiyva

Shops:
D:3 *   D:7 %   D:11 *   D:12 [   Orc:2 ?(=[   Elf:2 %   Shoals:2 !
Vaults:4 =   Depths:1 :   Depths:3 }

Portals:
Hell: Depths:1 Depths:2 Depths:3 Depths:4 Depths:5
Abyss: Depths:1 Depths:2 Depths:4 Depths:5
Pandemonium: Depths:1 Depths:3 Depths:4
Ziggurat: Depths:3

Annotations:
Lair:6 1 runed door, Debik's ghost, journeyman DEEE
Shoals:1 1 runed door, Rogan's ghost, journeyman SpEn
Shoals:3 3 runed doors, exclusion: obsidian statue, Goazoliuwo's ghost, journeyman TrEE
Spider:2 2 runed doors, Buvojil's ghost, journeyman VSSu
Elf:2 3 runed doors
Depths:4 exclusion: orange crystal statue
Zot:1 2 transporters


Innate Abilities, Weirdness & Mutations

You cannot wear boots.
Your serpentine skin is tough. (AC +9)
You have supernaturally acute eyesight. (SInv)
Armour fits poorly on your strangely shaped body.
Your system is resistant to poisons. (rPois)
You cover ground very slowly.
You have a slow metabolism.
You can spit poison.
You can use your snake-like lower body to constrict enemies.
You have a pair of small horns on your head.
Your flesh is heat resistant. (rF+)


Message History

Jasim hits your redback!!!
Your redback dies!
Your redback's corpse disappears in a puff of smoke!
Your redback bites Jasim.
The large abomination hits your frilled lizard!!
Your frilled lizard dies!
Your frilled lizard's corpse dissolves into shadows!
Your redback closely misses Jasim.
Your two-headed ogre rages.
Jasim completely misses you.
Your two-headed ogre hits Jasim with a giant spiked club.
Your two-headed ogre hits Jasim with a giant club!
Your orb spider bites the large abomination.
Jasim hits you!
You writhe in agony.
Evoke which item? (* to show all) (? for menu, Esc to quit)
You reach into the bag... ...and things crawl out!
Jasim is caught in a web!
Your redback bites Jasim!
Your two-headed ogre hits Jasim with a giant spiked club!!
Your two-headed ogre hits Jasim with a giant club!
Your orb spider bites the large abomination but does no damage.
The large abomination hits your adder!!
Your adder dies!
Your adder's corpse dissolves into shadows!
You swap places.
Jasim struggles to get unstuck from the web.
Your redback bites Jasim but does no damage.
Your two-headed ogre hits Jasim with a giant spiked club!!
Your two-headed ogre hits Jasim with a giant club!!
Jasim struggles to get unstuck from the web.
Your wolf spider hits Jasim but does no damage.
Your wolf spider bites Jasim but does no damage.
Your redback barely misses Jasim.
Your redback bites Jasim but does no damage.
Your orb spider bites the red devil but does no damage.
Your redback bites Jasim but does no damage.
Jasim struggles to get unstuck from the web.
Your two-headed ogre hits Jasim with a giant spiked club!!
Your two-headed ogre hits Jasim with a giant club!
Your redback bites Jasim but does no damage.
Your wolf spider hits Jasim but does no damage.
Your wolf spider bites Jasim.
Your redback bites Jasim!
Jasim dies!
Trog accepts your kill.
Your orb spider weaves a glowing orb of energy.
The wavering orb of destruction weakly hits the red devil.
The red devil hops backward while attacking.
The red devil closely misses your orb spider.
Your two-headed ogre hits the large abomination with a giant spiked club!!!
Your two-headed ogre hits the large abomination with a giant club!!
The large abomination is destroyed!
Trog accepts your kill.
The red devil hits your orb spider from afar with a trident of protection!
Your two-headed ogre rages.
Your two-headed ogre rages.
Your redback bites the red devil!
(D) Dungeon (T) Temple (L) Lair (A) Shoals (N) Spider Nest (M) Slime Pits (O) Orcish Mines (E) Elven Halls (V) Vaults (C) Crypt (U) Depths (H) Hell (Z) Zot
Where to? (Enter - D:1 @ (x,y), ? - help)
Okay, then.
Unknown command.
Something hits your orb spider!
There is a stone staircase leading up here.
A red devil is nearby!
Your redback bites the red devil.
The red devil barely misses your redback.
Your redback barely misses the red devil.
Your redback bites the red devil!
The red devil dies!
Trog accepts your kill.
Your two-headed ogre rages.
You start resting.
Your two-headed ogre rages.
Magic restored.
You start resting.
Your two-headed ogre rages. x2
Your orb spider disappears in a puff of smoke!
Your two-headed ogre is no longer berserk.
Your two-headed ogre disappears in a puff of smoke!
Your wolf spider disappears in a puff of smoke!
Your redback disappears in a puff of smoke! x3
A neqoxec comes into view.
You climb upwards.
Your summoned allies are left behind.
There is a stone staircase leading down here.
(D) Dungeon (T) Temple (L) Lair (A) Shoals (N) Spider Nest (M) Slime Pits (O) Orcish Mines (E) Elven Halls (V) Vaults (C) Crypt (U) Depths (H) Hell (Z) Zot
Where to? (Enter - D:1 @ (x,y), ? - help)
What level of the Dungeon? (default 1, ? - help)
There is an open door here.
HP restored.
A red devil comes into view. It is wielding a trident of protection.
There is an open door here.
The red devil barely misses you.
The red devil hits you from afar with a trident of protection.
There is a staircase leading out of the dungeon here.
The red devil closely misses you.
You have escaped!

#.8.....8.....8.#..
#...###...###)..#..
##.## ##### #####.#
#...###...###...#.#
#.8.....8.....8.#.#
#...###...###...#'#
##### ##### ##.##..
#...###...###...#..
#.@.4...8.....8.#..
#...###...###...#..
###'########
#####.. #.#.###...#
#...... #.........#
##..... #########.#
##.... #.# ##...
####.# ##'# #....#
#.#


You could see a red devil.

Vanquished Creatures
  3 orbs of fire (Zot:5)
  4 ancient liches
  Mara (Vaults:3)
  Sojobo (Depths:4)
  Saint Roka (Vaults:4)
  4 Killer Klowns (Zot:5)
  3 curse toes
  Frederick (Depths:3)
  Xtahua (Vaults:3)
  8 golden dragons
  the Enchantress (Depths:2)
  A bone dragon (Depths:5)
  5 electric golems
  A lich (Vaults:3)
  17 tentacled monstrosities
  A Hell Sentinel (Zot:3)
  31 Orb Guardians
  2 deep elf blademasters (Elf:3)
  Asterion (Spider:3)
  2 deep elf master archers (Elf:3)
  6 titans (Vaults:5)
  6 quicksilver dragons
  A sphinx (Vaults:3)
  Gastronok (Lair:2)
  An acid blob (Depths:4)
  9 death cobs
  2 tentacled starspawn (Abyss:2)
  A thorn hunter (Depths:4)
  5 tengu reavers
  9 shadow dragons
  19 storm dragons
  5 draconian monks
  7 deep elf sorcerers
  9 draconian knights
  3 fire giants
  9 frost giants
  12 ghost moths
  3 emperor scorpions
  An iron dragon (Vaults:5)
  5 draconian stormcallers
  16 vault wardens
  2 deep elf elementalists (Elf:3)
  8 draconian scorchers
  4 spriggan defenders (Depths:2)
  8 draconian shifters
  7 draconian annihilators
  8 very ugly things
  15 ironheart preservers
  4 entropy weavers
  6 caustic shrike skeletons (Depths:2)
  3 war gargoyles
  19 stone giants
  12 black draconians
  15 purple draconians
  A dire elephant (shapeshifter) (Elf:3)
  18 yellow draconians
  11 green draconians
  8 deep elf demonologists
  5 deep elf annihilators
  2 dire elephants (Lair:6)
  14 red draconians
  10 white draconians
  8 deep elf death magi
  7 spark wasps
  17 ettins
  7 merfolk javelineers
  2 blizzard demons
  3 deep elf high priests
  Josephine (D:10)
  14 yaktaur captains
  9 merfolk impalers
  6 fire dragons
  10 ice dragons
  9 rakshasas
  34 vault guards
  2 great orbs of eyes
  13 hydras
  A catoblepas (shapeshifter) (Vaults:5)
  9 centaur warriors
  2 catoblepae
  7 spriggan air magi
  2 alligator snapping turtles (Shoals:4)
  3 death knights
  28 two-headed ogres
  4 merfolk avatars
  16 dancing weapons
  A merfolk aquamancer (Shoals:4)
  15 death yaks
  2 vampire magi
  10 deep troll earth magi
  15 ogre magi
  A hell hog (Depths:5)
  6 tengu warriors
  7 deep troll shamans
  A thrashing horror (Abyss:2)
  12 spriggan berserkers
  13 deep elf knights
  3 sun demons
  A soul eater (Depths:1)
  11 orc high priests
  Sonja (Lair:3)
  3 iron trolls
  4 salamander mystics
  A titan skeleton (Depths:3)
  11 skeletal warriors
  2 wretched stars (Abyss:2)
  12 sea snakes
  An unseen horror (shapeshifter) (D:14)
  A hell knight (Depths:1)
  4 shadow wraiths
  An infernal demonspawn (Depths:3)
  24 deep trolls
  7 spriggan druids (Depths:2)
  A swamp dragon (shapeshifter) (Vaults:3)
  6 unseen horrors
  A glowing orange brain (Vaults:1)
  2 phantasmal warriors
  A flayed ghost (Depths:1)
  4 wizards
  An anaconda skeleton (Volcano)
  20 orc knights
  16 deep elf archers
  18 harpies
  64 deep elf magi
  11 ironbrand convokers
  5 orc sorcerers
  28 wolf spiders
  6 necromancers
  7 orb spiders
  A tengu skeleton (Vaults:2)
  A salamander (shapeshifter) (Elf:1)
  A stone giant zombie (Vaults:3)
  35 ugly things
  13 oklob plants
  A frost giant zombie (Depths:3)
  32 moths of wrath
  7 salamanders (Depths:5)
  15 fauns
  10 cyclopes
  Maurice (D:8)
  8 manticores
  2 frost giant skeletons
  3 stone giant skeletons (Vaults:2)
  11 vault sentinels
  15 elephants
  Joseph (D:8)
  5 merfolk sirens
  2 orange demons
  A spriggan zombie (Depths:3)
  4 smoke demons
  A titan simulacrum (Depths:3)
  2 rust devils
  A black mamba (Lair:5)
  4 water nymphs
  A molten gargoyle (Depths:5)
  2 naga magi (Depths:3)
  A guardian serpent (Abyss:2)
  An ice statue (IceCv)
  15 spiny frogs
  3 gargoyles (Volcano)
  A centaur skeleton (D:15)
  7 efreet
  A redback zombie (D:15)
  3 rime drakes
  3 ice devils
  8 komodo dragons
  14 demonic crawlers
  10 tengu conjurers
  23 yaktaurs
  10 freezing wraiths
  A komodo dragon (shapeshifter) (Vaults:1)
  A meliai (shapeshifter) (Depths:1)
  2 yaktaur skeletons (Vaults:3)
  28 merfolk
  2 queen bees (shapeshifter)
  6 hellwings
  20 polar bears
  A tengu simulacrum (Vaults:2)
  A queen bee (Lair:2)
  A jumping spider (shapeshifter) (Depths:3)
  A hornet (shapeshifter) (Vaults:1)
  13 trolls
  A merfolk (shapeshifter) (Vaults:4)
  26 jumping spiders
  4 tyrant leeches (Depths:1)
  33 hornets
  7 wind drakes
  32 blink frogs
  23 slime creatures
  6 dream sheep
  A harpy skeleton (Volcano)
  12 raiju (Abyss:2)
  9 snapping turtles
  A fire giant simulacrum (Abyss:2)
  14 hippogriffs
  A snapping turtle (shapeshifter) (Vaults:5)
  2 flying skulls (Volcano)
  41 redbacks
  A spriggan (shapeshifter) (Vaults:1)
  44 spriggans
  A ynoxinul (D:10)
  2 shadows
  9 starcursed masses (Abyss:2)
  7 air elementals
  5 wraiths
  8 wyverns
  3 fire elementals
  18 tarantellas
  A human (shapeshifter) (Vaults:1)
  A yak (shapeshifter) (Vaults:2)
  61 yaks
  A vampire (Depths:3)
  A golden eye (shapeshifter) (Vaults:5)
  6 basilisks
  4 chaos spawn
  8 water elementals
  A steam dragon (Lair:2)
  A neqoxec (Abyss:2)
  9 wargs
  An elf skeleton (Depths:3)
  5 acid dragons
  A soldier ant (D:14)
  9 hell hounds (Depths:5)
  10 water moccasins
  10 porcupines
  5 sky beasts
  2 black bears (D:10)
  7 ice beasts
  2 ettin simulacra (Vaults:3)
  52 orc warriors
  2 eyes of draining
  A necrophage (D:7)
  27 ogres
  3 phantoms
  2 large abominations (Abyss:2)
  19 centaurs
  A hornet zombie (D:14)
  A crocodile (shapeshifter) (Depths:1)
  22 wolves
  19 crocodiles
  25 boggarts
  5 small abominations (Abyss:2)
  4 big kobolds
  3 human zombies
  22 bullfrogs
  8 earth elementals
  A gnoll sergeant (D:8)
  6 human skeletons
  6 scorpions
  A scorpion (shapeshifter) (Vaults:5)
  38 killer bees
  A troll skeleton (Volcano)
  A spriggan skeleton (Volcano)
  12 wights
  4 howler monkeys
  3 electric eels
  10 crimson imps
  A quasit (Depths:4)
  5 centaur zombies
  5 bullfrog zombies
  7 hounds
  6 jellies
  7 bullfrog skeletons
  33 orc priests
  A gnoll shaman (D:4)
  An iron imp (Depths:4)
  An iguana (D:11)
  19 orc wizards
  Natasha (thrice) (D:3)
  7 worker ants
  A killer bee zombie (D:7)
  A hound zombie (D:6)
  A naga skeleton (Volcano)
  2 hound skeletons
  5 worker ant zombies
  13 adders
  7 gnolls
  5 shadow imps
  19 white imps
  An ufetubus (Depths:4)
  An ooze (D:1)
  3 adder zombies
  An adder skeleton (D:4)
  4 worms
  5 leopard geckos
  111 orcs
  12 bats
  2 giant cockroaches
  5 goblins
  9 hobgoblins
  11 jackals
  22 kobolds
  3 quokkas
  A ball python (D:4)
  8 frilled lizards
  A giant cockroach zombie (D:6)
  A jackal skeleton (D:4)
  A jackal zombie (D:5)
  2 quokka skeletons (D:6)
  2 quokka zombies (D:6)
  10 rats
  2 briar patches (Depths:4)
  A fire vortex (Zot:3)
  A fungus (D:15)
  2 plants (Shoals:3)
  5 starspawn tentacles (Abyss:2)
2464 creatures vanquished.

Vanquished Creatures (collateral kills)
  A pandemonium lord (D:2)
  A golden dragon (Vaults:5)
  A tentacled monstrosity (Zot:2)
  3 Orb Guardians
  2 liches (Depths:3)
  An Executioner (D:12)
  Agnes (D:14)
  A fire giant (Depths:5)
  A daeva (D:13)
  An emperor scorpion (Spider:3)
  A deep elf sorcerer (Elf:3)
  A draconian annihilator (Zot:1)
  A reaper (Zot:3)
  A black draconian (Zot:2)
  A stone giant (Vaults:3)
  A purple draconian (Zot:2)
  A white draconian (Zot:2)
  5 deep elf annihilators
  A merfolk impaler (Shoals:1)
  2 jiangshi (Depths:5)
  A great orb of eyes (Vaults:3)
  A naga warrior (Depths:3)
  A vampire mage (Depths:3)
  Urug (D:10)
  A wizard (Vaults:1)
  2 ironbrand convokers (Vaults:3)
  2 orc knights (Vaults:3)
  2 orb spiders
  An orc sorcerer (Depths:3)
  3 deep elf magi
  An elephant (Lair:6)
  A vault sentinel (Vaults:3)
  A yaktaur (Vaults:3)
  4 jumping spiders (Spider:3)
  A red devil (D:2)
  3 merfolk (Shoals:4)
  A hippogriff (Lair:6)
  2 slime creatures (D:14)
  A redback (Spider:3)
  A large abomination (D:2)
  A tarantella (Spider:2)
  An orc warrior (Vaults:3)
  An ogre (Vaults:3)
  3 orcs (Vaults:3)
65 creatures vanquished.

Vanquished Creatures (others)
  2 death cobs (Zot:2)
  A red draconian (Zot:2)
  A wizard (Abyss:2)
  An ironbrand convoker (Vaults:1)
  A wolf spider (Spider:4)
  A vault sentinel (Vaults:5)
  An ice devil (Zot:3)
  A jumping spider (Spider:4)
  A flying skull (Volcano)
  A spriggan (Depths:2)
  A yak (IceCv)
  2 ogres (Depths:4)
  A boggart (Depths:3)
  4 wolves (IceCv)
  An orc wizard (Vaults:2)
  2 orcs (Vaults:2)
  6 briar patches (Depths:4)
  A bush (Lair:6)
  A fire vortex (Zot:3)
  73 fungi
  A lurking horror (Abyss:2)
  67 plants
  2 starspawn tentacles (Abyss:2)
173 creatures vanquished.

Grand Total: 2702 creatures vanquished

Notes
Turn   | Place    | Note
-------+----------+-------------------------------------------
     0 | D:1      | magipi the Naga Berserker began the quest for the Orb.
     0 | D:1      | Reached XP level 1. HP: 21/21 MP: 1/1
   161 | D:1      | Reached XP level 2. HP: 28/28 MP: 2/2
   787 | D:1      | Reached XP level 3. HP: 30/34 MP: 3/3
  1447 | D:2      | Reached ** piety under Trog
  1571 | D:2      | Reached XP level 4. HP: 42/42 MP: 4/4
  2338 | D:3      | Found a faded altar of an unknown god.
  2345 | D:2      | Reached XP level 5. HP: 42/50 MP: 5/5
  2624 | D:3      | Found Zin's Purification Station.
  2626 | D:3      | Found a glowing silver altar of Zin.
  2888 | D:3      | Noticed Natasha
  2896 | D:3      | Killed Natasha
  3254 | D:3      | Found a glowing silver altar of Zin.
  3254 | D:3      | Found Zin's Purification Station.
  3408 | D:3      | Found a faded altar of an unknown god.
  3603 | D:3      | Noticed Natasha
  3624 | D:3      | Killed Natasha
  3764 | D:3      | Noticed Natasha
  3780 | D:3      | Killed Natasha
  3780 | D:3      | Reached XP level 6. HP: 41/57 MP: 6/6
  3831 | D:4      | Reached skill level 5 in Long Blades
  4069 | D:4      | Reached *** piety under Trog
  4088 | D:4      | Found an ornate altar of the Wu Jian Council.
  4981 | D:4      | Reached XP level 7. HP: 64/64 MP: 7/7
  5307 | D:5      | Entered Level 5 of the Dungeon
  5311 | D:5      | Found a sparkling altar of Nemelex Xobeh.
  5746 | D:5      | Reached skill level 1 in Stealth
  6382 | D:6      | Reached XP level 8. HP: 73/73 MP: 8/8
  6429 | D:6      | Reached skill level 5 in Fighting
  6652 | D:6      | Found a staircase to the Ecumenical Temple.
  7239 | D:7      | Found a hazy altar of Hepliaklqana.
  7326 | D:7      | Reached XP level 9. HP: 81/81 MP: 9/9
  7332 | D:7      | Reached **** piety under Trog
  7603 | D:7      | Reached skill level 5 in Armour
  7958 | D:7      | Found Jym Unuo's Food Emporium.
  8916 | D:8      | Found a shadowy altar of Dithmenos.
  9459 | D:8      | Found a basalt altar of Yredelemnul.
  9490 | D:8      | Noticed Joseph
  9534 | D:8      | Killed Joseph
  9534 | D:8      | Reached XP level 10. HP: 92/92 MP: 10/10
  9535 | D:8      | Noticed Maurice
  9545 | D:8      | Reached skill level 10 in Long Blades
  9967 | D:8      | Killed Maurice
 10000 | D:8      | Found a sparkling altar of Nemelex Xobeh.
 10001 | D:8      | Found a transporter.
 10001 | D:8      | Noticed a yaktaur captain
 10101 | D:9      | Reached ***** piety under Trog
 10624 | D:9      | Found a burning altar of Makhleb.
 10624 | D:9      | Noticed an Executioner
 10891 | D:9      | Reached skill level 5 in Dodging
 11346 | D:10     | Entered Level 10 of the Dungeon
 11445 | D:10     | Noticed Josephine
 11734 | D:10     | Noticed an unseen horror
 11755 | D:10     | Killed an unseen horror
 12004 | D:10     | Reached XP level 11. HP: 96/102 MP: 11/11
 12265 | D:10     | Noticed an unseen horror
 12298 | D:10     | Killed an unseen horror
 12398 | D:10     | Found a staircase to the Lair.
 12558 | D:10     | Noticed Urug
 12591 | D:10     | Killed Urug
 12864 | D:10     | Killed Josephine
 13408 | D:11     | Noticed a two-headed ogre
 13427 | D:11     | Killed a two-headed ogre
 13496 | D:11     | Noticed an unseen horror
 13520 | D:11     | Killed an unseen horror
 13614 | D:11     | Received a gift from Trog
 13866 | D:11     | Noticed a two-headed ogre
 13874 | D:11     | Killed a two-headed ogre
 13927 | D:11     | Found Zaxzugg's General Store.
 13934 | D:11     | Bought a scroll of blinking for 90 gold pieces
 13934 | D:11     | Bought a scroll of silence for 90 gold pieces
 13951 | D:11     | Reached XP level 12. HP: 98/112 MP: 12/12
 14356 | D:11     | Noticed a two-headed ogre
 14364 | D:11     | Killed a two-headed ogre
 14780 | D:12     | Noticed a two-headed ogre
 14794 | D:12     | Killed a two-headed ogre
 14865 | D:12     | Noticed a two-headed ogre
 14874 | D:12     | Killed a two-headed ogre
 14950 | D:12     | Found a staircase to the Orcish Mines.
 14952 | D:12     | Found Zainifawk's Armour Emporium.
 15004 | D:12     | Found a portal to a secret trove of treasure.
 15055 | D:12     | Noticed a six-headed hydra
 15080 | Trove    | Entered a treasure trove
 15108 | Trove    | Got a crude graven amulet
 15129 | Trove    | Identified the amulet of Music {+Rage rN+} (You found it in
                  | a treasure trove)
 15134 | Trove    | Got a polished ring mail
 15145 | Trove    | Identified the +2 ring mail "Cuaptim" {Str+2} (You found it
                  | in a treasure trove)
 15263 | D:12     | Killed a six-headed hydra
 15980 | Lair:1   | Entered Level 1 of the Lair of Beasts
 15980 | Lair:1   | Found a snail-covered altar of Cheibriados.
 16877 | D:12     | Bought the +6 chain mail "Nawam" {rElec rC+ Str+4} for 639
                  | gold pieces
 17008 | Lair:2   | Reached skill level 1 in Evocations
 17095 | Lair:2   | Noticed Gastronok
 17098 | Lair:2   | Noticed a seven-headed hydra
 17130 | Lair:2   | Killed a seven-headed hydra
 17133 | Lair:2   | Killed Gastronok
 17133 | Lair:2   | Reached skill level 10 in Fighting
 17133 | Lair:2   | Gained mutation: You can use your snake-like lower body to
                  | constrict enemies. [Naga growth]
 17133 | Lair:2   | Reached XP level 13. HP: 39/123 MP: 14/14
 17179 | Lair:2   | Found a dark tunnel.
 17441 | Volcano  | Entered a volcano
 18491 | Lair:2   | Reached * piety under Trog
 19127 | Lair:3   | Found a hole to the Spider Nest.
 19451 | Lair:3   | Noticed Sonja
 19456 | Lair:3   | Killed Sonja
 20099 | Lair:4   | Found a staircase to the Shoals.
 20133 | Lair:4   | Reached skill level 5 in Evocations
 20383 | Lair:4   | Reached XP level 14. HP: 98/132 MP: 17/17
 20388 | Lair:4   | Reached skill level 15 in Long Blades
 20906 | Lair:4   | Got a warped scale mail
 20907 | Lair:4   | Identified the +1 scale mail "Fammoco" {*Slow Str+4 Int+7}
                  | (You found it on level 4 of the Lair of Beasts)
 21141 | Lair:5   | Found a frozen archway.
 21157 | IceCv    | Entered an ice cave
 21337 | IceCv    | Got a crude plate armour
 21703 | IceCv    | Noticed a frost giant
 21721 | IceCv    | Killed a frost giant
 22001 | Lair:5   | Identified the +4 plate armour of Gestures {rN+ Int+4} (You
                  | found it in an ice cave)
 22065 | Lair:5   | Reached skill level 10 in Armour
 22578 | Lair:5   | Reached skill level 1 in Throwing
 22639 | Lair:6   | Entered Level 6 of the Lair of Beasts
 23133 | Lair:6   | Noticed a dire elephant
 23150 | Lair:6   | Killed a dire elephant
 23296 | Lair:6   | Received a gift from Trog
 23297 | Lair:6   | Found the +5 pair of quick blades "Gyre" and "Gimble"
                  | {pierce, Dex-3}
 23304 | Lair:6   | Reached XP level 15. HP: 135/138 MP: 20/20
 23806 | Lair:6   | Reached skill level 10 in Dodging
 23921 | Lair:6   | Found a viscous altar of Jiyva.
 23921 | Lair:6   | Found a staircase to the Slime Pits.
 23942 | Lair:6   | Found a runed door.
 23942 | Lair:6   | Found a shimmering altar of Xom.
 23942 | Lair:6   | Noticed Debik's ghost (journeyman DEEE)
 24879 | Orc:1    | Entered Level 1 of the Orcish Mines
 25048 | Orc:1    | Received a gift from Trog
 25151 | Orc:1    | Received a gift from Trog
 25616 | Orc:2    | Entered Level 2 of the Orcish Mines
 25923 | Orc:2    | Found a staircase to the Elven Halls.
 26275 | Orc:2    | Received a gift from Trog
 26388 | Orc:2    | Reached skill level 5 in Throwing
 26962 | Orc:2    | Reached XP level 16. HP: 135/146 MP: 22/22
 26975 | Orc:2    | Found Fanoqe's Armour Shoppe.
 26975 | Orc:2    | Found Ukeun's Magic Scroll Shoppe.
 26976 | Orc:2    | Found Otsoj's Jewellery Emporium.
 26976 | Orc:2    | Found Jeasip's Antique Weapon Shoppe.
 26984 | Orc:2    | Bought a cursed amulet of inaccuracy for 26 gold pieces
 26988 | Orc:2    | Bought a scroll of teleportation for 33 gold pieces
 26988 | Orc:2    | Bought a scroll of teleportation for 33 gold pieces
 26988 | Orc:2    | Bought a scroll of holy word for 82 gold pieces
 26988 | Orc:2    | Bought a scroll of teleportation for 33 gold pieces
 26988 | Orc:2    | Bought a scroll of teleportation for 33 gold pieces
 26988 | Orc:2    | Bought a scroll of random uselessness for 11 gold pieces
 27006 | Orc:2    | Bought a +1 cloak of invisibility for 165 gold pieces
 27381 | Orc:2    | Bought a +2 helmet of intelligence for 215 gold pieces
 27667 | D:13     | Found a gate to the Vaults.
 27992 | D:13     | Received a gift from Trog
 28406 | D:13     | Received a gift from Trog
 28876 | D:14     | Noticed Agnes
 28884 | D:14     | Killed Agnes
 29257 | D:14     | Identified the Reference Book on Necromancy
 29378 | D:14     | Reached skill level 10 in Evocations
 29972 | D:15     | Entered Level 15 of the Dungeon
 30002 | D:15     | Received a gift from Trog
 30012 | D:15     | Reached ****** piety under Trog
 30609 | D:15     | Found a staircase to the Depths.
 30800 | D:15     | Found a sacrificial altar of Ru.
 31108 | D:15     | Identified a scroll of acquirement
 31275 | D:15     | Upgraded the game from 0.22.1 to 0.22.1-1-ga44c0e56f4
 31431 | Spider:1 | Entered Level 1 of the Spider Nest
 31845 | Spider:1 | Reached XP level 17. HP: 129/153 MP: 24/24
 31910 | Spider:1 | Received a gift from Trog
 32169 | Spider:2 | Received a gift from Trog
 32757 | Spider:2 | Found a large runed door.
 32760 | Spider:2 | Noticed Buvojil's ghost (journeyman VSSu)
 32763 | Spider:2 | Found a large runed door.
 33063 | Spider:3 | Noticed Asterion
 33073 | Spider:3 | Noticed an Executioner
 33736 | Spider:3 | Killed Asterion
 34041 | Spider:3 | Received a gift from Trog
 34214 | Spider:4 | Entered Level 4 of the Spider Nest
 34585 | Spider:4 | Received a gift from Trog
 34594 | Spider:4 | Identified the +6 bardiche of Trog's Scorn {freeze, -Tele
                  | rN+ Int+6 Dex-3} (Trog gifted it to you on level 4 of the
                  | Spider Nest)
 35757 | Spider:4 | Got a gossamer rune of Zot
 35796 | Spider:4 | Reached XP level 18. HP: 158/163 MP: 0/25
 35949 | Shoals:1 | Entered Level 1 of the Shoals
 35955 | Shoals:1 | Reached skill level 10 in Throwing
 35985 | Shoals:1 | Received a gift from Trog
 36395 | Shoals:1 | Found a runed door.
 36400 | Shoals:1 | Noticed Rogan's ghost (journeyman SpEn)
 37025 | Shoals:2 | Found Xoib's Distillery.
 37089 | Shoals:2 | Received a gift from Trog
 37749 | Shoals:2 | Received a gift from Trog
 37959 | Shoals:3 | Received a gift from Trog
 37975 | Shoals:3 | Identified the +7 arbalest of Ciumol {elec, Int+4} (Trog
                  | gifted it to you on level 3 of the Shoals)
 38149 | Shoals:3 | Found a runed gate.
 38150 | Shoals:3 | Found an opulent altar of Gozag.
 38151 | Shoals:3 | Noticed Goazoliuwo's ghost (journeyman TrEE)
 38186 | Shoals:3 | Found a runed gate.
 38189 | Shoals:3 | Found a runed gate.
 38713 | Shoals:4 | Entered Level 4 of the Shoals
 40608 | Shoals:4 | Received a gift from Trog
 41344 | Shoals:4 | Got a barnacled rune of Zot
 41387 | Shoals:4 | Reached XP level 19. HP: 149/175 MP: 26/26
 41653 | Elf:1    | Entered Level 1 of the Elven Halls
 42010 | Elf:1    | Identified the Almanac of the Foremost Orbs
 42148 | Elf:1    | Received a gift from Trog
 42627 | Elf:2    | Noticed a Brimstone Fiend
 42635 | Elf:2    | Found Puvvuczam's Food Shop.
 43419 | Elf:2    | Received a gift from Trog
 43434 | Elf:2    | Identified the +6 double sword "Zeggonty" {slice, Fragile
                  | rElec rC+ Str+2 Int+2} (Trog gifted it to you on level 2 of
                  | the Elven Halls)
 43640 | Elf:2    | Found a runed gate.
 43640 | Elf:2    | Found a runed gate.
 43642 | Elf:2    | Found a runed gate.
 43860 | Elf:3    | Entered Level 3 of the Elven Halls
 44098 | Elf:3    | Received a gift from Trog
 44211 | Elf:3    | Received a gift from Trog
 44872 | Elf:3    | Got a wavering lead ring
 44900 | Elf:3    | Reached XP level 20. HP: 186/186 MP: 28/28
 44907 | Elf:3    | Identified the ring of Pudir {MP+9 AC+3} (You took it off a
                  | deep elf mage on level 3 of the Elven Halls)
 44952 | Elf:3    | Received a gift from Trog
 45220 | Elf:3    | Got an ancient turquoise ring
 45232 | Elf:3    | Got a fine ivory ring
 45541 | Elf:3    | Identified the ring of the Twelve Planets {rElec rPois
                  | Int+4 Dex+2} (You took it off a deep elf death mage on
                  | level 3 of the Elven Halls)
 45543 | Elf:3    | Identified the ring of Absolutism {Fire rPois Str+5} (You
                  | took it off a deep elf elementalist on level 3 of the Elven
                  | Halls)
 45559 | Elf:3    | Identified the Guide on the Shifting Glacier
 45598 | Elf:3    | Identified the +1 pair of boots of the Republic {Dex+2}
                  | (You found it on level 3 of the Elven Halls)
 45838 | Vaults:1 | Entered Level 1 of the Vaults
 46330 | Vaults:1 | Received a gift from Trog
 46424 | Vaults:1 | Identified the +9 chain mail "Joeteo Mief" {MR++} (You
                  | found it on level 1 of the Vaults)
 46568 | Vaults:1 | Received a gift from Trog
 47676 | Vaults:2 | Cast into level 2 of the Abyss (vault guard)
 47781 | Abyss:2  | Found a corrupted altar of Lugonu.
 47806 | Abyss:2  | Noticed a profane servitor
 48121 | Abyss:2  | Gained mutation: You are dopey. (Int -2) [a neqoxec]
 48164 | Abyss:2  | Received a gift from Trog
 48210 | Abyss:2  | Noticed an ancient lich
 48310 | Abyss:2  | Found a corrupted altar of Lugonu.
 48365 | Vaults:2 | Escaped the Abyss
 48906 | Vaults:2 | Reached XP level 21. HP: 152/196 MP: 30/30
 49383 | Vaults:2 | Received a gift from Trog
 49402 | Vaults:2 | Found a staircase to the Crypt.
 49665 | Vaults:2 | Received a gift from Trog
 50449 | Vaults:3 | Received a gift from Trog
 50828 | Vaults:3 | Received a gift from Trog
 51222 | Vaults:3 | Noticed Xtahua
 51231 | Vaults:3 | Killed Xtahua
 52584 | Vaults:4 | Noticed Mara
 52627 | Vaults:4 | Noticed magipi's illusion
 52742 | Vaults:3 | Killed Mara
 53046 | Vaults:4 | Received a gift from Trog
 53053 | Vaults:4 | Noticed Saint Roka
 53077 | Vaults:4 | Killed Saint Roka
 53650 | Vaults:4 | Reached XP level 22. HP: 206/207 MP: 32/32
 54159 | Vaults:4 | Found Ynejuliq's Jewellery Boutique.
 54170 | Vaults:4 | Bought a cursed ring of attention for 72 gold pieces
 54170 | Vaults:4 | Bought a cursed -2 ring of dexterity for 32 gold pieces
 54774 | Orc:2    | Bought an uncursed ring of protection from cold for 325
                  | gold pieces
 55324 | Depths:1 | Entered Level 1 of the Depths
 55363 | Depths:1 | Received a gift from Trog
 55873 | Depths:1 | Found a gateway to Hell.
 55903 | Depths:1 | Identified the +1 naga barding of Pride {+Blink rF+ Stlth+}
                  | (You acquired it on level 1 of the Depths)
 56562 | Depths:1 | Found Meshreen's Book Boutique.
 56600 | Depths:1 | Found a one-way gate to the infinite horrors of the Abyss.
 56608 | Depths:1 | Received a gift from Trog
 56674 | Depths:1 | Reached skill level 15 in Fighting
 56910 | Depths:1 | Found a one-way gate leading to the halls of Pandemonium.
 57873 | Depths:2 | Received a gift from Trog
 58190 | Depths:2 | Found a bloodstained altar of Trog.
 58383 | Depths:2 | Received a gift from Trog
 58558 | Depths:2 | Received a gift from Trog
 59788 | Depths:2 | Received a gift from Trog
 59794 | Depths:2 | Reached XP level 23. HP: 214/218 MP: 33/33
 60094 | Depths:2 | Identified the +6 giant club of Success {pain, rC++ SInv}
                  | (You took it off an ettin on level 2 of the Depths)
 60095 | Depths:2 | Identified the cursed +6 giant club of the Tiger {flame,
                  | *Slow rElec MR- SInv} (You took it off an ettin on level 2
                  | of the Depths)
 60223 | Depths:2 | Noticed the Enchantress
 60311 | Depths:2 | Killed the Enchantress
 60476 | Depths:2 | Got faerie dragon scales
 60487 | Depths:2 | Identified the +5 faerie dragon scales {rCorr Stlth+} (You
                  | took it off the Enchantress on level 2 of the Depths)
 61231 | Depths:3 | Found a gateway to a ziggurat.
 61373 | Depths:3 | Received a gift from Trog
 61551 | Depths:3 | Received a gift from Trog
 61951 | Depths:3 | Found Jawnek's Gadget Emporium.
 61959 | Depths:3 | Bought a wand of clouds (4) for 432 gold pieces
 61959 | Depths:3 | Bought a wand of paralysis (6) for 144 gold pieces
 62292 | Depths:3 | Received a gift from Trog
 62297 | Depths:3 | Reached skill level 15 in Throwing
 62890 | Depths:3 | Received a gift from Trog
 63287 | Depths:4 | Noticed Frederick
 63309 | Depths:3 | Killed Frederick
 63422 | Depths:4 | Received a gift from Trog
 64267 | Depths:4 | Reached skill level 15 in Dodging
 64269 | Depths:4 | Reached skill level 15 in Armour
 64384 | Depths:4 | Reached XP level 24. HP: 231/231 MP: 33/33
 64423 | Depths:4 | Noticed Sojobo
 64438 | Depths:4 | Killed Sojobo
 65243 | Depths:5 | Entered Level 5 of the Depths
 65392 | Depths:5 | Received a gift from Trog
 67702 | Depths:5 | Found a gate to the Realm of Zot.
 67719 | Depths:5 | Received a gift from Trog
 68134 | Vaults:5 | Entered Level 5 of the Vaults
 68176 | Vaults:4 | Received a gift from Trog
 68631 | Vaults:4 | Received a gift from Trog
 68916 | Vaults:4 | Received a gift from Trog
 69042 | Vaults:5 | Gained mutation: You are frail. (-10% HP) [a shining eye]
 69367 | Vaults:5 | Reached XP level 25. HP: 163/217 MP: 33/33
 70114 | Vaults:5 | Identified the +6 chain mail of Ehofom {Str+2} (You took it
                  | off a vault warden on level 5 of the Vaults)
 70241 | Vaults:5 | Received a gift from Trog
 70249 | Vaults:5 | Identified the Guide on Ice
 70533 | Vaults:5 | Received a gift from Trog
 70755 | Vaults:5 | Noticed an ancient lich
 70770 | Vaults:5 | Killed an ancient lich
 70907 | Vaults:5 | Received a gift from Trog
 71647 | Vaults:5 | Got a silver rune of Zot
 71815 | Vaults:5 | Noticed an ancient lich
 71827 | Vaults:5 | Killed an ancient lich
 71866 | Vaults:5 | Got an ancient copper ring
 71869 | Vaults:5 | Identified the ring of Hintodoh {*Slow rN+ Dex+3 SInv} (You
                  | took it off a deep elf mage on level 5 of the Vaults)
 71961 | Vaults:5 | Found the -2 hat of the Alchemist {rElec rPois rF+ rC+ rN+
                  | MR+ rMut rCorr}
 72173 | Vaults:5 | Received a gift from Trog
 72480 | Vaults:5 | Got a translucent bronze ring
 72482 | Vaults:5 | Identified the ring of Fatigue {rCorr Dex+3} (You took it
                  | off a deep elf sorcerer on level 5 of the Vaults)
 72937 | Zot:1    | Entered Level 1 of the Realm of Zot
 73174 | Zot:1    | Received a gift from Trog
 73174 | Zot:1    | Reached XP level 26. HP: 205/229 MP: 33/33
 73431 | Zot:1    | Received a gift from Trog
 73637 | Zot:1    | Found a transporter.
 73873 | Zot:1    | Received a gift from Trog
 74112 | Zot:1    | Found a transporter.
 75364 | Zot:2    | HP: 6/233 [black draconian/bolt of lightning (9)]
 77467 | Zot:2    | Received a gift from Trog
 77999 | Zot:2    | Reached XP level 27. HP: 219/241 MP: 33/33
 78565 | Zot:3    | Received a gift from Trog
 80696 | Zot:4    | Received a gift from Trog
 80770 | Zot:4    | Reached skill level 15 in Evocations
 81621 | Zot:5    | Entered Level 5 of the Realm of Zot
 82088 | Zot:5    | Noticed an ancient lich
 82098 | Zot:5    | Killed an ancient lich
 82938 | Zot:5    | Noticed an orb of fire
 82958 | Zot:5    | Killed an orb of fire
 83041 | Zot:4    | Lost mutation: You are frail. (-10% HP) [potion of
                  | mutation]
 83041 | Zot:4    | Lost mutation: You are dopey. (Int -2) [potion of mutation]
 83041 | Zot:4    | Gained mutation: Your flesh is heat resistant. (rF+)
                  | [potion of mutation]
 83041 | Zot:4    | Gained mutation: You have a pair of small horns on your
                  | head. [potion of mutation]
 83204 | Zot:5    | Noticed an ancient lich
 83219 | Zot:5    | Killed an ancient lich
 83219 | Zot:5    | Received a gift from Trog
 84743 | Zot:5    | Noticed an orb of fire
 84768 | Zot:5    | Killed an orb of fire
 85238 | Zot:5    | Noticed an orb of fire
 85256 | Zot:5    | Killed an orb of fire
 86474 | Zot:5    | Received a gift from Trog
 87082 | Zot:5    | Got the Orb of Zot
 87226 | Zot:3    | Noticed Pefix the pandemonium lord
 87247 | Zot:3    | Noticed Nierrapn the pandemonium lord
 87435 | Depths:4 | Noticed Fyrr the pandemonium lord
 87524 | Depths:4 | Noticed Inuoz the pandemonium lord
 87546 | Depths:4 | Noticed Ucsihuz the pandemonium lord
 88290 | D:2      | Noticed Jasim the pandemonium lord
 88303 | D:2      | Killed Jasim the pandemonium lord
 88395 | D:$      | Escaped with the Orb!

Skill      XL: |  1  2  3  4  5  6  7  8  9 10 11 12 13 14 15 16 17 18 19 20 21 22 23 24 25 26 27 |
---------------+----------------------------------------------------------------------------------+-----
Long Blades    | 4 5 6 8 9 11 12 13 14 16 17 18 20 | 20.0
Dodging        | 2 3 4 5 6 7 8 9 10 11 12 13 14 15 16 17 19 | 19.9
Armour         | 2 3 4 5 6 7 8 9 10 11 12 13 14 15 16 17 19 | 19.9
Fighting       | 4 5 6 7 8 10 11 12 13 14 15 16 17 18 20 | 20.0
Stealth        | 1 |  1.2
Evocations     | 2 5 7 9 10 11 12 13 14 17 | 17.8
Throwing       | 2 5 8 9 11 12 13 14 15 16 | 16.0

Action                   |  1- 3 |  4- 6 |  7- 9 | 10-12 | 13-15 | 16-18 | 19-21 | 22-24 | 25-27 || total
-------------------------+-------+-------+-------+-------+-------+-------+-------+-------+-------++-------
Melee: Falchion          |    90 |   240 |   564 |   521 |       |       |       |       |       ||  1415
       Great sword       |       |       |       |   131 |   893 |  1153 |  1347 |  1553 |  1742 ||  6819
       Constrict         |       |       |       |       |   231 |   300 |   284 |   290 |   242 ||  1347
       Triple sword      |       |       |       |       |    28 |       |       |       |       ||    28
       Demon blade       |       |       |       |       |       |     8 |       |       |       ||     8
       Headbutt          |       |       |       |       |       |       |       |       |   164 ||   164
Throw: Javelin           |       |       |       |       |    20 |    34 |    22 |    24 |    51 ||   151
       Throwing net      |       |       |       |       |       |     1 |       |       |     2 ||     3
Invok: Berserk           |     1 |     4 |     8 |    13 |     4 |     1 |     1 |     2 |       ||    34
       Brothers in Arms  |       |       |       |     1 |     2 |     6 |     9 |     5 |    12 ||    35
       Trog's Hand       |       |       |       |       |     3 |     2 |    22 |    16 |    14 ||    57
 Abil: Spit Poison       |    11 |    20 |    13 |    31 |    17 |     4 |       |     2 |       ||    98
       Stop Flying       |       |       |       |       |       |     1 |     3 |       |       ||     4
       Evoke Flight      |       |       |       |       |       |       |     3 |       |       ||     3
Evoke: Wand              |       |       |     1 |    17 |    19 |    11 |     6 |     2 |    32 ||    88
       Lamp of fire      |       |       |       |       |       |       |     1 |     2 |     1 ||     4
       Fan of gales      |       |       |       |       |       |       |       |       |     1 ||     1
       Box of beasts     |       |       |       |       |       |       |       |       |     4 ||     4
       Sack of spiders   |       |       |       |       |       |       |       |       |     4 ||     4
  Use: Scroll            |       |    12 |     5 |    13 |    10 |    18 |    19 |    17 |    18 ||   112
       Potion            |       |       |     2 |     4 |     3 |       |     2 |     6 |    22 ||    39
 Stab: Sleeping          |     1 |       |       |       |       |       |       |       |       ||     1
       Paralysed         |       |       |       |       |     4 |     9 |       |     4 |     4 ||    21
       Distracted        |       |       |       |       |     2 |     1 |     3 |     1 |     2 ||     9
       Petrified         |       |       |       |       |       |     2 |       |       |       ||     2
       Held in net/web   |       |       |       |       |       |     1 |       |       |     2 ||     3
       Confused          |       |       |       |       |       |       |       |     1 |       ||     1
       Invisible         |       |       |       |       |       |       |       |       |     6 ||     6
  Eat: Chunk             |     3 |    13 |    18 |    23 |    25 |    35 |    42 |    27 |    15 ||   201
       Ration            |       |       |     1 |     4 |     2 |     2 |     1 |     7 |    14 ||    31
Armor: Animal skin       |    18 |       |       |       |       |       |       |       |       ||    18
       Chain mail        |    24 |   166 |    57 |    15 |   505 |  1204 |   769 |  1008 |  1082 ||  4830
       Scale mail        |       |       |   245 |   183 |       |       |       |       |       ||   428
       Swamp dragon scal |       |       |       |    87 |       |       |       |       |       ||    87
       Ring mail         |       |       |       |    27 |       |       |       |       |       ||    27
       Fire dragon scale |       |       |       |       |    21 |       |    48 |    78 |       ||   147
Dodge: Dodged            |    55 |    81 |   245 |   479 |   541 |   768 |   572 |   951 |  1024 ||  4716
       Rpst.: Falchion   |    18 |    28 |    77 |    75 |       |       |       |       |       ||   198
       Great sword       |       |       |       |    35 |   123 |   153 |   132 |   182 |   187 ||   812
       Triple sword      |       |       |       |       |     2 |       |       |       |       ||     2
